Map: Honorgrounds LE

Players

Railgan - Winner!

  • Race: Zerg Zerg
  • League: Grandmaster
  • Spawn Location: 5:00

MiaNonna

  • Race: Protoss Protoss
  • League: Master
  • Spawn Location: 7:00

VOD

Have the link to the VOD?

Description

Time

  • Played on: Feb. 4, 2017, 5:39 p.m.
  • Length: 17:09
Show
View Real Time Build Order
Export as new Build Order

Railgan Zerg - Winner!

Build Orders: Hatch First, Swarm Host 

Get SALT Encoding   

  12  0:01  Drone  
  13  0:13  Overlord  
  13  0:18  Drone  
  14  0:31  Drone x2  
  16  0:37  Drone  
  17  0:46  Drone  
  18  0:58  Drone, Hatchery  
  18  1:01  Extractor  
  17  1:14  Spawning Pool  
  17  1:17  Drone  
  17  1:20  Drone  
  18  1:28  Drone  
  19  1:39  Overlord  
  19  1:51  Drone  
  20  2:01  Queen  
  20  2:02  Zergling x2  
  23  2:10  Drone  
  23  2:11  Drone  
  23  2:12  Queen  
  23  2:14  Metabolic Boost  
  27  2:21  Drone  
  27  2:22  Drone  
  29  2:32  Drone  
  30  2:38  Queen  
  30  2:42  Drone  
  30  2:43  Overlord  
  33  2:48  Drone, Queen  
  36  3:03  Drone x2  
  38  3:07  Evolution Chamber  
  38  3:08  Drone x2  
  39  3:13  Drone  
  39  3:14  Drone x2  
  42  3:23  Overlord  
  42  3:26  Drone  
  43  3:28  Drone  
  43  3:30  Overlord  
  44  3:34  Lair  
  44  3:37  Zerg Melee Weapons Level 1  
  44  3:38  Extractor, Overlord  
  43  3:43  Drone x3  
  43  3:47  Drone  
  47  3:51  Overlord  
  47  3:58  Drone x4  
  47  4:02  Extractor  
  50  4:06  Drone x3  
  53  4:13  Extractor  
  53  4:15  Baneling Nest  
  51  4:19  Hatchery  
  51  4:21  Zergling x2  
  51  4:22  Zergling x4  
  51  4:23  Overlord  
  53  4:34  Drone  
  53  4:35  Infestation Pit, Queen  
  55  4:38  Queen  
  55  4:41  Overseer  
  55  4:44  Zergling x4  
  59  4:48  Zergling x2  
  59  4:49  Zergling x2  
  61  4:58  Drone x2  
  61  4:59  Drone  
  64  5:03  Zergling x8  
  64  5:04  Overlord  
  64  5:06  Zergling x4  
  70  5:08  Zergling x2  
  71  5:15  Zergling x2  
  72  5:22  Infestor x2  
  72  5:27  Queen x2  
  80  5:42  Queen  
  82  5:43  Drone  
  82  5:44  Drone x5  
  82  5:46  Baneling x2  
  82  5:47  Baneling  
  82  5:48  Baneling  
  88  5:51  Drone x3  
  88  5:56  Pathogen Glands  
  91  6:00  Overlord  
  91  6:04  Overlord  
  91  6:09  Zerg Melee Weapons Level 2, Burrow  
  91  6:24  Zergling x4  
  93  6:31  Drone x2  
  93  6:32  Drone x5  
  100  6:33  Extractor  
  100  6:34  Extractor  
  100  6:36  Centrifical Hooks  
  98  6:41  Infestor x2  
  98  6:42  Hatchery  
  98  6:43  Drone  
  98  6:44  Drone  
  103  6:47  Drone x2  
  103  6:49  Overlord  
  103  6:53  Overlord  
  105  6:55  Overlord  
  105  7:00  Drone  
  102  7:04  Drone x3  
  102  7:08  Drone  
  106  7:10  Drone x2  
  106  7:11  Drone x2  
  106  7:14  Swarm Host  
  118  7:28  Zergling x2  
  118  7:29  Overlord  
  119  7:38  Overlord  
  119  7:39  Overlord x3  
  119  8:03  Drone x2, Swarm Host x2  
  119  8:04  Swarm Host  
  154  8:06  Swarm Host  
  154  8:07  Swarm Host  
  160  8:14  Overlord  
  160  8:16  Zergling x4  
  168  8:23  Pneumatized Carapace  
  168  8:24  Overseer  
  167  8:34  Zergling x8  
  167  8:36  Zergling x2  
  167  8:37  Overlord, Neural Parasite  
  165  8:54  Zergling x2  
  165  8:55  Zergling x6  
  164  8:57  Infestor x2  
  168  9:04  Zergling x16  
  168  9:05  Infestor  
  168  9:08  Overlord x5  
  176  9:12  Overlord  
  176  9:16  Overlord  
  173  9:28  Infestor x2, Hatchery  
  173  9:30  Zergling x14  
  178  9:49  Infestor x3  
  178  9:51  Zergling x10  
  189  9:53  Zergling x6  
  189  9:59  Zergling x4  
  194  10:05  Zergling x4  
  194  10:06  Overlord  
  196  10:10  Zergling x2  
  196  10:12  Zergling x2  
  196  10:13  Zergling x2  
  199  10:14  Overseer x2, Overlord x2  
  199  10:17  Baneling x6  
  199  10:18  Baneling x11  
  199  10:26  Overseer x2  
  199  10:39  Zergling x10  
  199  10:40  Hatchery  
  191  10:43  Zergling x2  
  191  10:47  Swarm Host x2  
  198  10:51  Zergling x4  
  198  10:54  Overlord x2  
  200  11:05  Extractor  
  200  11:08  Extractor  
  198  11:19  Zergling x4  
  179  11:49  Zergling x2  
  179  11:50  Zergling x16  
  171  11:59  Zergling x18  
  171  12:00  Zergling x2  
  172  12:02  Zergling x2  
  172  12:03  Zergling x8  
  172  12:08  Baneling x9, Zergling x2  
  176  12:09  Zergling x2  
  178  12:15  Zergling x2  
  178  12:16  Zergling x12  
  178  12:17  Hive  
  178  12:20  Spire  
  178  12:21  Zergling x2  
  178  12:22  Zergling x6  
  185  12:48  Drone x3  
  188  12:57  Baneling  
  188  12:58  Baneling x7  
  188  13:00  Zerg Missile Weapons Level 1  
  188  13:02  Evolution Chamber  
  187  13:12  Overseer x2  
  187  13:24  Infestor  
  187  13:25  Infestor  
  180  13:27  Infestor  
  180  13:31  Zergling x4  
  180  13:32  Zergling x6  
  180  13:33  Zergling x8  
  189  13:34  Zerg Melee Weapons Level 3, Greater Spire  
  189  13:35  Corruptor x4  
  144  14:07  Corruptor x2  
  144  14:08  Zergling x2  
  144  14:09  Zergling x12  
  145  14:15  Zergling x2  
  145  14:16  Zergling x18  
  155  14:26  Corruptor x2  
  155  14:39  Zergling x8  
  155  14:41  Drone x5  
  155  14:44  Corruptor x2  
  168  14:48  Brood Lord x6  
  168  14:49  Zergling x10  
  185  14:54  Baneling  
  185  14:55  Baneling x7  
  185  14:59  Infestor  
  185  15:00  Infestor x2  
  185  15:05  Zergling x2  
  185  15:06  Zergling x6  
  195  15:08  Zergling x2  
  195  15:10  Brood Lord x2  
  198  15:42  Baneling x8  
  188  15:59  Zergling x10  
  188  16:02  Corruptor x2  
  194  16:11  Zergling x8  
  194  16:17  Zergling x2  
  194  16:18  Zergling x4  
  183  16:19  Corruptor, Zergling x2  
  183  16:23  Corruptor  
  182  16:26  Zergling x2  
  182  16:29  Zergling x22  
  189  16:33  Corruptor  
  189  16:34  Corruptor  
  189  16:35  Zergling x2  
Show
View Real Time Build Order
Export as new Build Order

MiaNonna Protoss 

Build Orders: Zealot Archon, Dark Templar Rush 

Get SALT Encoding   

  12  0:00  Probe (Chrono Boost)  
  13  0:11  Probe (Chrono Boost)  
  14  0:20  Pylon  
  14  0:24  Probe (Chrono Boost)  
  15  0:38  Probe (Chrono Boost)  
  16  0:49  Probe (Chrono Boost)  
  17  0:59  Probe (Chrono Boost)  
  18  1:10  Probe (Chrono Boost)  
  18  1:11  Nexus  
  19  1:20  Probe (Chrono Boost)  
  20  1:26  Gateway  
  20  1:31  Probe (Chrono Boost)  
  21  1:39  Gateway  
  21  1:42  Probe (Chrono Boost)  
  22  1:47  Assimilator  
  22  1:53  Assimilator  
  22  1:58  Pylon  
  22  2:00  Probe (Chrono Boost)  
  23  2:16  Probe (Chrono Boost)  
  24  2:25  Probe (Chrono Boost)  
  24  2:27  Cybernetics Core, Probe (Chrono Boost)  
  26  2:35  Probe (Chrono Boost)  
  27  2:37  Probe (Chrono Boost)  
  27  2:41  Zealot  
  28  2:46  Probe (Chrono Boost)  
  28  2:50  Probe (Chrono Boost)  
  32  2:55  Warp Gate  
  32  2:57  Probe (Chrono Boost)  
  32  2:59  Assimilator  
  34  3:05  Twilight Council  
  34  3:06  Mothership Core (Chrono Boost)  
  34  3:07  Probe (Chrono Boost)  
  34  3:10  Adept  
  38  3:20  Probe (Chrono Boost)  
  38  3:24  Probe (Chrono Boost)  
  39  3:32  Probe (Chrono Boost)  
  40  3:35  Probe (Chrono Boost)  
  40  3:36  Robotics Facility  
  41  3:44  Probe (Chrono Boost)  
  41  3:45  Dark Shrine, Probe (Chrono Boost)  
  43  3:51  Gateway  
  44  3:56  Probe x2 (Chrono Boost)  
  44  4:01  Pylon  
  45  4:08  Probe (Chrono Boost)  
  46  4:10  Gateway  
  46  4:13  Pylon  
  46  4:20  Probe (Chrono Boost)  
  46  4:21  Probe (Chrono Boost)  
  46  4:22  Warp Prism  
  51  4:31  Probe (Chrono Boost)  
  51  4:33  Pylon  
  51  4:41  Probe (Chrono Boost)  
  52  5:05  Forge  
  52  5:07  Assimilator  
  52  5:11  Gateway  
  52  5:12  Dark Templar  
  52  5:13  Dark Templar x3, Gateway  
  60  5:17  Archon x2  
  60  5:29  Protoss Ground Weapons Level 1  
  60  5:30  Blink  
  60  5:42  Probe (Chrono Boost)  
  61  5:44  Gateway  
  61  5:46  Gateway  
  61  5:57  Stalker x3  
  63  5:58  Pylon  
  63  6:00  Nexus  
  63  6:01  Pylon  
  67  6:06  Pylon  
  67  6:16  Immortal  
  71  6:23  Probe (Chrono Boost)  
  71  6:24  Probe (Chrono Boost)  
  73  6:29  Stalker x2  
  77  6:34  Probe (Chrono Boost)  
  77  6:36  Probe (Chrono Boost)  
  77  6:38  Stalker x2  
  83  6:40  Dark Templar  
  83  6:45  Probe (Chrono Boost)  
  86  6:49  Stalker  
  86  6:52  Probe (Chrono Boost)  
  89  6:56  Stalker  
  91  7:04  Probe (Chrono Boost)  
  91  7:05  Probe (Chrono Boost)  
  93  7:09  Protoss Ground Weapons Level 2  
  93  7:11  Pylon  
  93  7:12  Stalker x2  
  97  7:24  Stalker  
  99  7:30  Stalker x2  
  99  7:34  Probe (Chrono Boost), Assimilator  
  99  7:35  Probe (Chrono Boost)  
  105  7:42  Robotics Bay  
  105  7:48  Observer  
  106  7:54  Dark Templar x2  
  108  8:01  Archon  
  108  8:02  Probe (Chrono Boost)  
  108  8:03  Probe (Chrono Boost), Assimilator  
  110  8:09  Observer  
  111  8:15  Probe (Chrono Boost)  
  111  8:16  Probe (Chrono Boost)  
  111  8:18  Robotics Facility  
  113  8:20  Photon Cannon  
  113  8:23  Stalker x2  
  113  8:24  Stalker  
  117  8:30  Pylon  
  117  8:43  Disruptor  
  120  8:54  Stalker x4  
  120  8:55  Stalker  
  104  9:08  Stalker x3  
  109  9:29  Stalker x4  
  109  9:30  Stalker  
  119  9:40  Stalker x2  
  119  9:41  Stalker  
  122  9:47  Pylon  
  122  9:48  Pylon  
  122  9:59  Colossus  
  122  10:00  Pylon  
  122  10:02  Pylon  
  122  10:04  Protoss Ground Weapons Level 3, Colossus  
  122  10:05  Photon Cannon  
  134  10:16  Stalker  
  134  10:17  Stalker  
  134  10:20  Pylon  
  138  10:27  Nexus  
  138  10:41  Adept x3  
  141  10:47  Colossus  
  147  10:58  Colossus  
  147  11:00  Pylon  
  147  11:01  Pylon  
  153  11:05  Pylon, Probe (Chrono Boost)  
  153  11:07  Pylon, Probe (Chrono Boost)  
  153  11:09  Pylon  
  155  11:19  Dark Templar  
  155  11:20  Dark Templar x3  
  158  11:35  Archon x2  
  114  11:59  Colossus  
  100  12:03  Stalker x4  
  100  12:06  Colossus  
  114  12:12  Assimilator  
  114  12:14  Assimilator  
  114  12:33  Stalker x3  
  114  12:34  Stalker  
  118  12:54  Probe (Chrono Boost)  
  118  12:58  Stalker x2  
  121  12:59  Templar Archives, Stalker x2  
  121  13:01  Observer  
  121  13:04  Observer  
  129  13:21  Extended Thermal Lance  
  129  13:35  High Templar x2  
  89  14:11  Stalker x4  
  97  14:22  Gateway  
  97  14:25  Gateway x2  
  97  14:28  Gateway  
  97  14:29  Gateway  
  97  14:31  Pylon, Colossus x2, Gateway  
  97  14:37  Nexus, Stalker x2  
  97  14:38  Stalker x2  
  109  14:41  Pylon  
  109  14:43  Assimilator  
  109  14:45  Assimilator  
  108  15:22  Probe (Chrono Boost)  
  108  15:24  Probe x2 (Chrono Boost)  
  111  15:28  Stalker x2  
  111  15:29  Stalker x2  
  110  16:00  Stalker x4  
  110  16:01  Stalker x2  
  112  16:11  Stalker x2  
  75  16:32  Stalker x2  
  49  16:33  Stalker x2  
Tags
 
Add a new tag
Caveats
  • Supply blocks, unpowered buildings, or Contaminate may cause inaccurate times.
  • Supply counts are checked every 10 seconds.